 Dungeon Crawl Stone Soup version 0.27-a0-931-g5a74e75d8f (webtiles) character file.

Game seed: 11048970858154590843

33 polve the Skirmisher (level 3, -5/26 HPs)
             Began as a Demonspawn Abyssal Knight on Apr 10, 2021.
             Was a Follower of Lugonu.
             Slain by a gnoll
             ... wielding a +0 halberd
              (12 damage)
             ... on level 2 of the Dungeon.
             The game lasted 00:01:31 (1808 turns).

polve the Skirmisher (Demonspawn Abyssal Knight)    Turns: 1808, Time: 00:01:31

Health: -5/26      AC:  3    Str: 12    XL:     3   Next: 12%
Magic:  4/4        EV: 11    Int: 17    God:    Lugonu [*.....]
Gold:   13         SH:  0    Dex:  9    Spells: 2/2 levels left

rFire    . . .     SeeInvis .   c - +6 war axe of the Endless Ears {flame, rPois Int+3 Dex-3}
rCold    . . .     Faith    .   (no shield)
rNeg     . . .     Spirit   .   b - +0 leather armour
rPois    +         Reflect  .   (helmet restricted)
rElec    .         Harm     .   (no cloak)
rCorr    .         Rampage  .   (no gloves)
Will     .....                  (no boots)
Stlth    +.........             (no amulet)
HPRegen  0.08/turn              (no ring)
MPRegen  0.09/turn              (no ring)

@: no status effects
A: antennae 1, frail 1, screaming 1, subdued magic 1
a: Renounce Religion, Depart the Abyss


You were on level 2 of the Dungeon.
You worshipped Lugonu.
Lugonu was aware of your devotion.
You visited 1 branch of the dungeon, and saw 2 of its levels.
You visited the Abyss 1 time.

You collected 13 gold pieces.

Inventory:

Hand Weapons
 a - a +1 falchion
 c - the +6 war axe of the Endless Ears (weapon) {flame, rPois Int+3 Dex-3}
   (You found it on level 1 of the Abyss)

   It has been specially enchanted to burn those struck by it, causing extra
   injury to most foes and up to half again as much damage against particularly
   susceptible opponents.
   Big, fiery blades are also staple armaments of hydra-hunters.
   It affects your intelligence (+3).
   It affects your dexterity (-3).
   It protects you from poison.
Armour
 b - a +0 leather armour (worn)
Jewellery
 f - a ring of protection from fire
Scrolls
 d - a scroll of blinking {unknown}
Potions
 e - a potion of might {unknown}


   Skills:
 - Level 3.0 Fighting
 - Level 1.9 Long Blades
 + Level 2.0 Axes
 - Level 1.9 Armour
 - Level 1.0 Dodging
 - Level 2.6 Invocations


You had 2 spell levels left.
You didn't know any spells.
Your spell library contained the following spells:

 Spells                   Type           Power      Damage    Failure   Level
 Corona                   Hex            0%         N/A       26%         1
 Slow                     Hex            0%         N/A       36%         2
 Inner Flame              Hex/Fire       0%         N/A       61%         3
 Portal Projectile        Hex/Tloc       0%         N/A       61%         3
 Cause Fear               Hex            0%         N/A       95%         4
 Leda's Liquefaction      Hex/Erth       0%         N/A       95%         4


Dungeon Overview and Level Annotations

Branches:
Dungeon (2/15)

Altars:


Innate Abilities, Weirdness & Mutations

You have a pair of small antennae on your head.
You are frail. (-10% HP)
You occasionally shout uncontrollably at your foes.
Your spells are a little easier to cast, but a little less powerful.


Message History

You hit the bat. You burn the bat.
You kill the bat!
Lugonu accepts your kill.
A gnoll comes into view.
It is wielding a +2 flail of protection.
A gnoll comes into view. It is wielding a +0 halberd.
The gnoll hits you with a +0 flail.
You closely miss the gnoll. You barely miss the gnoll.
The gnoll barely misses you. x2
You hit the gnoll. You burn the gnoll.
The gnoll is moderately wounded.
You barely miss the gnoll. The gnoll hits you with a +0 flail!
The gnoll hits you but does no damage. The gnoll closely misses you.
You are too injured to fight recklessly!
You are too injured to fight recklessly!
You are too injured to fight recklessly!
You are too injured to fight recklessly!
You are too injured to fight recklessly!
You are too injured to fight recklessly!
You are too injured to fight recklessly!
You slash the gnoll! You burn the gnoll.
You kill the gnoll!
Lugonu accepts your kill.
Your Axes skill increases to level 2!
You have reached level 3!
Your experience leads to an increase in your attributes!
Your base attributes are Str 12, Int 13, Dex 12.
Increase (S)trength, (I)ntelligence, or (D)exterity?
You feel clever.
You see here a +0 club.
The gnoll barely misses you. The gnoll hits you with a +0 halberd.
You slash the gnoll! You burn the gnoll.
The gnoll is almost dead.
The gnoll hits you but does no damage.
You barely miss the gnoll.
The gnoll is almost dead.
The gnoll hits you with a +0 halberd.
* * * LOW HITPOINT WARNING * * *
The gnoll hits you with a +0 halberd!
You die...

♣.##.#g########.#.########
#..#......# #.#.##..♣.♣.
#..#.)#########.#.........
..##....g####.<....####.#♣#♣#
...........##.....#####.##...
##....>...##..............##
######...##.....########.##
#.gg##.....# ####.##
####g@.....# #....##
#.#....)# #.#### #.#.....#
#.# ......### #.### .......#
#.(.# ........# ###.###
.........# #.....#
#.........# #♣♣.♣.. ♣..♣♣#


You could see 3 gnolls.

Vanquished Creatures
  A gnoll (D:2)
  2 worms (D:2)
  3 bats
  An endoplasm (D:1)
  A hobgoblin (D:1)
  A jackal (D:1)
  2 quokkas
  2 frilled lizards (D:1)
  2 goblins
  2 kobolds (D:1)
  4 rats (D:1)
  A bush (D:2)
22 creatures vanquished.

Vanquished Creatures (others)
  3 plants
  3 starspawn tentacles (Abyss:1)
6 creatures vanquished.

Grand Total: 28 creatures vanquished

Notes
Turn   | Place    | Note
-------+----------+-------------------------------------------
     0 | Abyss:1  | polve the Demonspawn Abyssal Knight began the quest for the
                  | Orb.
     0 | Abyss:1  | Reached XP level 1. HP: 18/18 MP: 2/2
    44 | Abyss:1  | Noticed a tentacled starspawn
    44 | Abyss:1  | Noticed an orange demon
    62 | Abyss:1  | Noticed a spatial vortex
    64 | Abyss:1  | Identified the +6 war axe of the Endless Ears {flame, rPois
                  | Int+3 Dex-3}
    70 | D:1      | Escaped the Abyss
    71 | D:1      | Gained mutation: You occasionally shout uncontrollably at
                  | your foes. [mutagenic glow]
    82 | D:1      | Gained mutation: You are frail. (-10% HP) [mutagenic glow]
    98 | D:1      | Gained mutation: Your spells are a little easier to cast,
                  | but a little less powerful. [mutagenic glow]
   506 | D:1      | Reached skill level 1 in Dodging
   514 | D:1      | Reached * piety under Lugonu
  1088 | D:1      | Gained mutation: You have a pair of small antennae on your
                  | head. [demonic ancestry]
  1088 | D:1      | Reached XP level 2. HP: 21/21 MP: 3/3
  1135 | D:1      | Reached skill level 1 in Axes
  1788 | D:2      | Reached XP level 3. HP: 16/26 MP: 4/4
  1808 | D:2      | Slain by a gnoll

Illustrated notes

Levels and vault maps discovered:
D:1:      mrwooster_arrival_arrow, layout_loops_ring, minmay_crystal_water,
          minivault_25, chequers_big_river, minmay_misc_feat_doors, st_stairs_2
D:2:      layout_basic, basic_ecumenical_altar, serial_forest,
          infiniplex_forest_end_1, infiniplex_forest_fountain,
          infiniplex_forest_zigzag_1, infiniplex_forest_end_1,
          infiniplex_forest_end_2, infiniplex_forest_lined_3,
          infiniplex_forest_lined_2, infiniplex_forest_zigzag_1,
          infiniplex_forest_end_3, uniq_jessica

Skill      XL: |  1  2 |
---------------+-------+-----
Dodging        | 1 |  1.0
Axes           | 2 |  2.0
Fighting       | |  3.0
Long Blades    | |  1.9
Armour         | |  1.9
Invocations    | |  2.6

Action                   || total
-------------------------++-------
Melee: War axe           ||    79
Invok: Depart the Abyss  ||     1
Armor: Leather armour    ||    10
Dodge: Dodged            ||    33

Table legend: (Time is in decaauts)
 A = Elapsed time spent in this place.
 B = Non-inter-level travel time spent in this place.
 C = Inter-level travel time spent in this place.
 D = Time resting spent in this place.
 E = Time spent auto-exploring this place.
 F = Levels seen in this place.
 G = Mean time per level.
                   A        B        C        D        E       F      G
               +--------+--------+--------+--------+--------+-----+--------+
         Total |   1857 |   1791 |     66 |      0 |   1547 |   3 |  619.0 |
       Dungeon |   1787 |   1721 |     66 |      0 |   1503 |   2 |  893.5 |
         Abyss |     70 |     70 |      0 |      0 |     44 |   1 |   70.0 |
               +--------+--------+--------+--------+--------+-----+--------+

Top non-repeatable levels by time:
     D:1: 1383 daAuts
     D:2: 403 daAuts
 Abyss:1: 70 daAuts
